 Dungeon Crawl Stone Soup version 0.19-a0-1260-gc94d3f7 (webtiles) character file.

126970 epen the Impaler (level 17, -14/135 HPs)
             Began as a Merfolk Monk on Aug 28, 2016.
             Was an Elder of Cheibriados.
             Demolished by an antimagic executioner's axe (18 damage)
             ... on level 2 of the Elven Halls.
             The game lasted 01:01:29 (27405 turns).

epen the Impaler (Merfolk Monk)                    Turns: 27405, Time: 01:01:30

Health: -14/135    AC: 21    Str: 29    XL:     17   Next: 0%
Magic:  17/37      EV: 37    Int: 18    God:    Cheibriados [****..]
Gold:   1380       SH:  0    Dex: 30    Spells: 0 memorised, 16 levels left

rFire  . . .     SeeInvis .     I - +1 bardiche (freeze)
rCold  + . .     Gourm    .     G - +5 chain mail of Classification {MP+9 Dex+4}
rNeg   . . .     Faith    .     (shield currently unavailable)
rPois  .         Spirit   .     (helmet restricted)
rElec  +         Dismiss  .     a - +1 cloak of Starlight {rElec rC+ EV+4 Stlth--}
rCorr  .         Reflect  .     s - +0 pair of gloves
MR     ++...     Harm     .     (boots currently unavailable)
Stlth  ..........               D - amulet of regeneration
                                C - +3 ring of evasion
                                N - ring of protection from magic

@: lethally poisoned (-14 -> -15), very slow
A: change form in water, swift swim, stealthy swim, antennae 1, screaming 1,
strong 1, wild magic 1
a: Bend Time, Temporal Distortion, Slouch, Renounce Religion


You were on level 2 of the Elven Halls.
You worshipped Cheibriados.
Cheibriados was greatly pleased with you.
You were hungry.

You visited 4 branches of the dungeon, and saw 23 of its levels.
You also visited: Labyrinth and Desolation.

You collected 2572 gold pieces.
You spent 1192 gold pieces at shops.

Inventory:

Hand Weapons
 t - a +1 trident
 x - a +2 glaive of freezing
 I - a +1 bardiche of freezing (weapon)
 Z - a +2 vampiric glaive
Missiles
 L - a throwing net (quivered)
Armour
 a - the +1 cloak of Starlight (worn) {rElec rC+ EV+4 Stlth--}
   (You found it in a labyrinth)

   It affects your evasion (+4).
   It protects you from cold.
   It insulates you from electricity.
   It makes you much less stealthy.
 k - a +1 pair of boots (melded)
 s - a +0 pair of gloves (worn)
 G - the +5 chain mail of Classification (worn) {MP+9 Dex+4}
   (You found it on level 9 of the Dungeon)

   It affects your dexterity (+4).
   It affects your magic capacity (+9).
 Y - a +2 buckler
Jewellery
 b - a +4 amulet of reflection
 d - a +2 ring of evasion
 o - an uncursed ring of protection from fire
 C - a +3 ring of evasion (right hand)
 D - an amulet of regeneration (around neck)
 N - a ring of protection from magic (left hand)
 Q - an uncursed ring of flight
Wands
 y - a wand of confusion (23/48)
 E - a wand of acid (15/15)
 K - a wand of disintegration (7/24)
 O - a wand of lightning (6/15)
Scrolls
 e - 5 scrolls of amnesia
 g - a scroll of fear
 i - 15 scrolls of remove curse
 r - 4 scrolls of recharging
 z - 2 scrolls of identify
 B - a scroll of holy word
 S - 2 scrolls of enchant weapon
 T - a scroll of enchant armour
 V - 2 scrolls of fog
Potions
 f - 4 potions of ambrosia
 m - 2 potions of cancellation
 p - 5 potions of curing
 q - 5 potions of lignification
 v - 3 potions of resistance
 A - a potion of magic
 F - 3 potions of flight
 H - 6 potions of brilliance
 U - a potion of cure mutation
Books
 J - a book of Burglary

   Spells                             Type                      Level
   a - Swiftness                      Charms/Air                   2
   b - Passwall                       Transmutation/Earth          2
   c - Passage of Golubria            Translocation                4
   d - Lee's Rapid Deconstruction     Earth                        5
   e - Darkness                       Hexes                        6
   f - Invisibility                   Hexes                        6
Miscellaneous
 j - a sack of spiders
 P - a phial of floods (inert)
 X - a box of beasts
Comestibles
 c - 17 bread rations
 h - a royal jelly
 u - 14 beef jerkies
 w - 9 meat rations
 M - 14 fruits


   Skills:
 + Level 12.7 Fighting
 + Level 16.1 Polearms
 * Level 12.4 Armour
 + Level 14.4 Dodging
 - Level 2.1 Stealth
 + Level 6.1 Shields
 * Level 15.8 Invocations
 + Level 3.3 Evocations


You had 16 spell levels left.
You didn't know any spells.

Dungeon Overview and Level Annotations

Branches:
Dungeon (13/15)            Temple (0/1) D:7            Lair (6/6) D:9
 Shoals (0/4) Lair:4       Spider (0/4) Lair:4        Slime (0/5) Lair:5
    Orc (2/2) D:11            Elf (1/3) Orc:2
 Vaults: D:13-14

Altars:
Cheibriados
Gozag
Makhleb
Yredelemnul
Zin
Beogh

Shops:
D:9 (   D:13 [   Orc:2 =%[!   Elf:1 :%%}*


Innate Abilities, Weirdness & Mutations

You revert to your normal form in water.
You are very nimble and swift while swimming.
You are very stealthy in the water.
You have a pair of small antennae on your head.
You occasionally shout uncontrollably at your foes.
Your muscles are strong. (Str +2)
Your spells are a little harder to cast, but a little more powerful.


Message History

The antimagic executioner's axe hits your water elemental!!
Your water elemental is destroyed!
Unknown command.
You hit the antimagic executioner's axe but do no damage.
The antimagic executioner's axe is lightly damaged.
You are engulfed in a cloud of scalding steam.
* * * LOW HITPOINT WARNING * * *
You feel sick.
The fire elemental completely misses you. x2
The fire elemental closely misses you.
The fire elemental completely misses you.
The fire elemental barely misses you.
Unknown command.
Unknown command.
You hit the antimagic executioner's axe.
The antimagic executioner's axe is lightly damaged.
You are engulfed in a cloud of scalding steam.
The fire elemental closely misses you.
The antimagic executioner's axe hits you!!
You die...

.....§.........#
...............#
................##
.........).......##
......e...........#
.................#
........§≈(ee...##
........§(EE#...##
........EE@###...##
#........E## #...#
...........###...##
............#...##
#.....................##
.......................##
........................#
........................#
........................#


You could see 3 deep elf magi, 5 fire elementals and 2 dancing weapons.

Vanquished Creatures
  A deep elf blademaster (Elf:2)
  Gastronok (Lair:2)
  3 imperial myrmidons (Desolation)
  Nessos (Lair:5)
  2 halazid warlocks (Desolation)
  Snorg (Lair:5)
  3 ragged hierophants (Desolation)
  A deep elf death mage (Elf:1)
  A crystal guardian (Desolation)
  A minotaur (Lab)
  8 hydras
  6 peacekeepers (Desolation)
  3 alligator snapping turtles (Desolation)
  A catoblepas (Lair:6)
  Erica (Lair:2)
  4 servants of whispers (Desolation)
  5 death yaks
  17 dancing weapons
  Urug (Lair:5)
  5 orc high priests (Orc:2)
  6 deep elf knights
  8 hill giants
  A lindwurm (Lair:6)
  2 deep elf archers (Elf:1)
  21 deep elf magi
  3 griffons
  An orc knight (Orc:2)
  An ugly thing (D:12)
  2 manticores (D:12)
  3 orc sorcerers (Orc:2)
  A cyclops (Orc:2)
  10 elephants
  A centaur zombie (D:10)
  The ghost of Ajdolov the Conjurer, a novice DEFE of Sif Muna (D:7)
  7 black mambas
  A black mamba (shapeshifter) (D:13)
  3 guardian serpents (Desolation)
  A gargoyle (D:10)
  A centaur skeleton (D:6)
  16 spiny frogs
  A torpor snail (Lair:2)
  A kobold demonologist (D:12)
  6 komodo dragons
  6 rime drakes
  A queen bee (shapeshifter) (Elf:1)
  3 jumping spiders (Lair:4)
  7 polar bears
  3 trolls
  38 saltlings (Desolation)
  2 two-headed ogres
  A boulder beetle (Lair:6)
  3 blink frogs (Lair:6)
  An air elemental (Elf:1)
  15 spriggans
  3 water elementals
  5 wyverns
  40 yaks
  A wraith (D:13)
  A human (shapeshifter) (D:13)
  9 hippogriffs
  6 basilisks
  7 hungry ghosts
  12 wargs
  11 water moccasins
  8 porcupines
  5 ice beasts
  14 orc warriors
  A sky beast (D:6)
  3 phantoms
  3 black bears
  4 wasps (Lair:6)
  A necrophage (D:9)
  3 boggarts (Lair:6)
  11 ogres
  43 wolves
  7 centaurs
  16 crocodiles
  3 big kobolds
  13 giant frogs
  A gnoll sergeant (D:13)
  2 earth elementals (Elf:1)
  A wyvern zombie (D:7)
  8 scorpions
  12 killer bees
  5 wights (D:10)
  3 electric eels
  5 howler monkeys
  9 crimson imps
  2 jellies
  18 orc wizards
  30 orc priests
  3 giant frog skeletons
  4 hounds
  Natasha (twice) (D:2)
  Terence (D:3)
  10 iguanas
  6 worker ants
  21 adders
  8 gnolls
  44 river rats
  3 shadow imps
  2 oozes
  An adder skeleton (D:9)
  A worm (D:3)
  6 dart slugs
  4 giant geckos
  89 orcs
  7 giant cockroaches
  12 goblins
  12 hobgoblins
  14 jackals
  5 quokkas
  3 ball pythons
  8 bats
  A giant cockroach zombie (D:5)
  A giant gecko skeleton (D:6)
  6 giant newts
  A jackal skeleton (D:7)
  17 kobolds
  8 rats
870 creatures vanquished.

Vanquished Creatures (others)
  10 fungi
  6 plants
16 creatures vanquished.

Grand Total: 886 creatures vanquished

Notes
Turn   | Place    | Note
-------+----------+-------------------------------------------
     0 | D:1      | epen the Merfolk Monk began the quest for the Orb.
     0 | D:1      | Reached XP level 1. HP: 18/18 MP: 1/1
   319 | D:1      | Reached XP level 2. HP: 14/24 MP: 2/2
   757 | D:1      | Reached XP level 3. HP: 29/29 MP: 3/3
   784 | D:1      | Reached skill level 1 in Armour
  1242 | D:2      | Noticed Natasha
  1262 | D:2      | Killed Natasha
  1262 | D:2      | Reached skill level 5 in Polearms
  1262 | D:2      | Reached XP level 4. HP: 25/37 MP: 4/4
  2133 | D:3      | Reached XP level 5. HP: 38/42 MP: 5/5
  2134 | D:3      | Noticed Natasha
  2148 | D:2      | Killed Natasha
  2336 | D:3      | Noticed Terence
  2363 | D:3      | Killed Terence
  2617 | D:3      | Noticed an ogre
  2632 | D:3      | Killed an ogre
  2632 | D:3      | Reached skill level 5 in Dodging
  2632 | D:3      | Reached XP level 6. HP: 10/49 MP: 6/6
  2879 | D:3      | Found a snail-covered altar of Cheibriados.
  3042 | D:3      | Became a worshipper of Cheibriados the Contemplative
  3042 | D:3      | Reached * piety under Cheibriados
  3042 | D:3      | Reached ** piety under Cheibriados
  3101 | D:3      | Reached skill level 6 in Polearms
  3884 | D:4      | Reached *** piety under Cheibriados
  4147 | D:4      | Found a glowing silver altar of Zin.
  4147 | D:4      | Found an opulent altar of Gozag.
  4324 | D:4      | Reached skill level 5 in Fighting
  4410 | D:4      | Reached XP level 7. HP: 42/56 MP: 7/7
  4730 | D:4      | Found a burning altar of Makhleb.
  4884 | D:5      | Entered Level 5 of the Dungeon
  5166 | D:5      | Reached **** piety under Cheibriados
  5168 | D:5      | Reached skill level 7 in Polearms
  5345 | D:5      | Found a basalt altar of Yredelemnul.
  5737 | D:6      | Reached XP level 8. HP: 21/64 MP: 8/8
  5998 | D:6      | Reached skill level 1 in Invocations
  6315 | D:6      | Gained mutation: You are dopey. (Int -2) [mutagenic meat]
  6318 | D:6      | Gained mutation: You occasionally shout uncontrollably at your foes. [mutagenic meat]
  6321 | D:6      | Gained mutation: You are partially covered in yellow scales. (AC +2) [mutagenic meat]
  6324 | D:6      | Gained mutation: Armour fits poorly on your strangely shaped body. [mutagenic meat]
  6327 | D:6      | Gained mutation: Your magical capacity is low. (-10% MP) [mutagenic meat]
  6742 | D:6      | Reached skill level 8 in Polearms
  6756 | D:6      | Reached XP level 9. HP: 19/71 MP: 10/10
  7174 | D:6      | Reached skill level 5 in Armour
  7207 | D:7      | Noticed Ajdolov's ghost (novice DEFE)
  7655 | D:7      | Reached ***** piety under Cheibriados
  7771 | D:7      | Reached skill level 5 in Invocations
  7954 | D:7      | Killed Ajdolov's ghost
  7954 | D:7      | Reached skill level 9 in Polearms
  8162 | D:7      | Found a staircase to the Ecumenical Temple.
  8258 | D:7      | Reached XP level 10. HP: 79/79 MP: 13/13
  8477 | D:8      | Gained mutation: You have very sharp teeth. [potion of mutation]
  9070 | D:9      | Found a staircase to the Lair.
  9225 | D:9      | Got a shimmering chain mail
  9236 | D:9      | Identified the +5 chain mail of Classification {MP+9 Dex+4} (You found it on level 9 of the Dungeon)
  9335 | D:9      | Found Jaawoc's Antique Weapon Boutique.
  9353 | D:10     | Entered Level 10 of the Dungeon
  9355 | D:10     | Noticed a gargoyle
  9481 | D:10     | Reached ****** piety under Cheibriados
  9487 | D:10     | Reached skill level 10 in Polearms
  9751 | D:10     | Reached XP level 11. HP: 77/86 MP: 15/15
 10060 | D:11     | Found a staircase to the Orcish Mines.
 10062 | D:11     | Found a roughly hewn altar of Beogh.
 10143 | D:11     | Noticed a hill giant
 10155 | D:11     | Killed a hill giant
 10562 | D:11     | Noticed a hill giant
 10575 | D:11     | Killed a hill giant
 10603 | D:11     | Reached skill level 11 in Polearms
 11035 | Lair:1   | Entered Level 1 of the Lair of Beasts
 11683 | Lair:1   | Found a basalt altar of Yredelemnul.
 11768 | Lair:1   | Reached skill level 10 in Dodging
 12063 | Lair:1   | Reached XP level 12. HP: 95/95 MP: 17/17
 12442 | Lair:2   | Reached skill level 10 in Invocations
 12788 | Lair:2   | Noticed Gastronok
 12809 | Lair:2   | Killed Gastronok
 12932 | Lair:2   | Identified a scroll of acquirement
 13052 | Lair:2   | Noticed Erica
 13058 | Lair:2   | Killed Erica
 13116 | Lair:2   | Reached skill level 12 in Polearms
 13140 | Lair:2   | Noticed a death yak
 13140 | Lair:2   | Noticed a death yak
 13153 | Lair:2   | Killed a death yak
 13158 | Lair:2   | Killed a death yak
 14469 | Lair:3   | Noticed a seven-headed hydra
 14478 | Lair:3   | Killed a seven-headed hydra
 14478 | Lair:3   | Reached XP level 13. HP: 81/103 MP: 18/19
 14687 | Lair:3   | Reached skill level 10 in Fighting
 15236 | Lair:4   | Found a hole to the Spider Nest.
 15423 | Lair:4   | Found a staircase to the Shoals.
 15707 | Lair:4   | Reached skill level 13 in Polearms
 16244 | Lair:5   | Found a staircase to the Slime Pits.
 16349 | Lair:5   | Noticed Snorg
 16358 | Lair:5   | Killed Snorg
 16497 | Lair:5   | Noticed Nessos
 16502 | Lair:5   | Killed Nessos
 16502 | Lair:5   | Reached skill level 10 in Armour
 16942 | Lair:5   | Noticed Urug
 16952 | Lair:5   | Killed Urug
 17323 | Lair:5   | Reached XP level 14. HP: 84/111 MP: 21/21
 17454 | Lair:6   | Entered Level 6 of the Lair of Beasts
 17931 | Lair:6   | Reached skill level 14 in Polearms
 19274 | Lair:6   | Reached skill level 1 in Shields
 20851 | D:12     | Reached XP level 15. HP: 119/119 MP: 22/22
 21127 | D:13     | Found a labyrinth entrance.
 21131 | Lab      | Entered a labyrinth
 21417 | Lab      | Lost mutation: Armour fits poorly on your strangely shaped body. [potion of cure mutation]
 21417 | Lab      | Lost mutation: Your magical capacity is low. (-10% MP) [potion of cure mutation]
 21417 | Lab      | Lost mutation: You have very sharp teeth. [potion of cure mutation]
 21417 | Lab      | Lost mutation: You are dopey. (Int -2) [potion of cure mutation]
 21417 | Lab      | Lost mutation: You are partially covered in yellow scales. (AC +2) [potion of cure mutation]
 21422 | Lab      | Identified An Introduction to Spellweaving
 21432 | D:13     | Gained mutation: Your muscles are strong. (Str +2) [potion of beneficial mutation]
 21433 | D:13     | Gained mutation: You have a pair of small antennae on your head. [potion of beneficial mutation]
 21459 | D:13     | Found Rakoir's Antique Armour Boutique.
 22209 | Orc:1    | Entered Level 1 of the Orcish Mines
 22458 | Orc:2    | Entered Level 2 of the Orcish Mines
 22515 | Orc:2    | Found a staircase to the Elven Halls.
 22734 | Orc:2    | Found a roughly hewn altar of Beogh.
 22746 | Orc:2    | Found Qyut's Jewellery Shoppe.
 22746 | Orc:2    | Found Yde Usog's Food Boutique.
 22889 | Orc:1    | Found a roughly hewn altar of Beogh.
 22929 | Orc:1    | Reached skill level 15 in Polearms
 23405 | Orc:2    | Found Doczejik's Distillery.
 23405 | Orc:2    | Found Xuinte Ginn's Armour Shoppe.
 23421 | Orc:2    | Bought a potion of resistance for 170 gold pieces
 23421 | Orc:2    | Bought a potion of curing for 51 gold pieces
 23421 | Orc:2    | Bought a potion of might for 68 gold pieces
 23421 | Orc:2    | Bought a potion of agility for 68 gold pieces
 23519 | Orc:2    | Paralysed by an orc sorcerer for 5 turns
 23858 | Elf:1    | Entered Level 1 of the Elven Halls
 23931 | Elf:1    | Found Wucs's General Store.
 23936 | Elf:1    | Bought a potion of beneficial mutation for 350 gold pieces
 23936 | Elf:1    | Bought a scroll of enchant weapon for 75 gold pieces
 23936 | Elf:1    | Bought a potion of curing for 30 gold pieces
 23936 | Elf:1    | Bought a potion of might for 40 gold pieces
 23940 | Elf:1    | Gained mutation: Your spells are a little harder to cast, but a little more powerful. [potion of beneficial mutation]
 23951 | Elf:1    | Found a ruined silver gateway.
 23960 | Desolati | Entered the Desolation of Salt
 24111 | Desolati | Noticed an imperial myrmidon
 24120 | Desolati | HP: 4/120 [saltling (10)]
 24251 | Desolati | Reached skill level 15 in Invocations
 24258 | Desolati | Noticed an imperial myrmidon
 24270 | Desolati | Killed an imperial myrmidon
 24277 | Desolati | Reached XP level 16. HP: 33/127 MP: 27/27
 24834 | Desolati | Reached skill level 5 in Shields
 25002 | Desolati | Reached skill level 1 in Evocations
 25902 | Elf:1    | Found Zicosh's Book Shop.
 25913 | Elf:1    | Found Vuev's Food Emporium.
 25943 | Elf:1    | Found Xuidghi's Food Emporium.
 25963 | Elf:1    | Found Wiorykk's Gadget Emporium.
 25974 | Elf:1    | Bought a box of beasts for 340 gold pieces
 26982 | Elf:1    | You fall through a shaft!
 27145 | Elf:2    | Noticed a deep elf blademaster
 27167 | Elf:2    | Killed a deep elf blademaster
 27167 | Elf:2    | Reached skill level 16 in Polearms
 27395 | Elf:2    | Reached XP level 17. HP: 62/135 MP: 28/28
 27404 | Elf:2    | HP: 3/135 [deep elf mage] (8)]
 27405 | Elf:2    | Demolished by an antimagic executioner's axe

Vault maps used:
D:1:      matt_arrival_grand_opening
D:2:      uniq_natasha
D:3:      lemuel_crystal_altar, uniq_terence
D:4:      grunt_temple_overflow_gold_and_silver, nicolae_overflow_hidden_temple,
          first_bread, makhleb_heckhound_becter
D:5:      basic_altar
D:7:      grunt_ogre_cave
D:8:      enter_bailey_2, columned_hall_lemuel
D:9:      lair_0_dummy, serial_shops, shop, hangedman_decor_peaks_small
D:11:     david_orc_5, grunt_ministairs_8
D:12:     nicolae_water_bricks
D:13:     serial_shops, shop, lab_entry_generic
Lair:1:   basic_altar, minivault_27, nicolae_quartered_pool_super,
          infiniplex_staircase_pool, serial_bayou_shore_a
Lair:2:   wad_woods_02, uniq_gastronok, uniq_erica
Lair:3:   serial_bayou_lake_a, lemuel_fruit_tree
Lair:4:   elwin_shoals_entry_rocks, spider_nest_entry_a, grunt_megastairs_5
Lair:5:   slime_dummy, grunt_megastairs_3, uniq_snorg, uniq_nessos, uniq_urug
Lair:6:   minmay_lair_end_enchanted_forest
Orc:1:    basic_altar
Orc:2:    st_orc_town
Elf:1:    minmay_elf_arrival_plus, serial_shops, nicolae_shop_window_shopping,
          shop, nicolae_shop_behind_doors, nicolae_shop_behind_doors,
          nicolae_shop_crystal, portal_desolation_entry_ruin, spider_trap
Elf:2:    hangedman_elven_ridges
Lab:      labyrinth_watery, nicolae_lab_flowing_pool, nicolae_lab_plus,
          nicolae_lab_arrow

Skill      XL: |  1  2  3  4  5  6  7  8  9 10 11 12 13 14 15 16 |
---------------+-------------------------------------------------+-----
Armour         | 1 2 3 4 6 7 8 9 10 11 12 | 12.4
Polearms       | 5 6 7 8 9 10 11 12 13 14 15 16 | 16.1
Fighting       | 4 5 6 7 8 9 10 11 12 | 12.7
Dodging        | 5 6 7 9 10 11 12 13 14 | 14.4
Invocations    | 4 6 7 9 11 12 14 15 | 15.8
Shields        | 2 4 6 |  6.1
Evocations     | 3 |  3.3
Stealth        | |  2.1

Action                   |  1- 3 |  4- 6 |  7- 9 | 10-12 | 13-15 | 16-18 || total
-------------------------+-------+-------+-------+-------+-------+-------++-------
Melee: Unarmed           |    41 |       |       |       |       |       ||    41
       Spear             |    99 |   213 |       |       |   450 |       ||   762
       Trident           |       |   132 |   388 |   843 |   233 |       ||  1596
       Bite              |       |       |       |   202 |   200 |       ||   402
       Tailslap          |       |       |       |     2 |     3 |       ||     5
       Glaive            |       |       |       |    61 |   759 |   384 ||  1204
       Bardiche          |       |       |       |       |       |    68 ||    68
Invok: Slouch            |       |       |       |     8 |    27 |     4 ||    39
Evoke: Wand              |       |       |       |       |     1 |       ||     1
       Phial of floods   |       |       |       |       |       |     1 ||     1
  Use: Scroll            |       |       |    19 |     8 |     8 |     5 ||    40
       Potion            |       |       |       |     2 |    11 |     6 ||    19
 Stab: Sleeping          |     8 |    14 |     1 |       |       |       ||    23
       Distracted        |       |     1 |     1 |       |       |       ||     2
       Invisible         |       |       |       |       |     3 |       ||     3
  Eat: Chunk             |     1 |     8 |    11 |    16 |    17 |     3 ||    56
       Meat ration       |       |       |       |       |     1 |       ||     1
       Royal jelly       |       |       |       |       |     1 |     1 ||     2
Armor: Robe              |    11 |    11 |       |       |       |       ||    22
       Ring mail         |       |    33 |    21 |       |       |       ||    54
       Chain mail        |       |       |    85 |   157 |   336 |   147 ||   725
Dodge: Dodged            |    73 |   221 |   227 |   656 |  1342 |   608 ||  3127
Block: Other             |       |       |       |    77 |   179 |       ||   256
       Reflection        |       |       |       |     5 |     4 |       ||     9
       Buckler           |       |       |       |       |    75 |       ||    75
